[Event "Serbian League Women 2024"]
[Site "Bajina Basta"]
[Date "2024.10.02"]
[Round "6.1"]
[White "Savitha Shri B"]
[Black "Muetsch, Annmarie"]
[Result "1/2-1/2"]
[ECO "A46"]
[WhiteElo "2348"]
[BlackElo "2290"]
[Annotator "TA"]
[PlyCount "132"]
[EventDate "2024.09.26"]
[EventType "team-tourn"]
[EventCountry "SRB"]
[SourceTitle "playchess.com"]
[Source "ChessBase"]
[SourceQuality "1"]
[TimeControl "40/5400+30:1800+30"]

1. d4 d6 2. Nf3 Nf6 3. Nc3 Nbd7 4. Bf4 c5 5. d5 g6 6. Qd2 {[%emt 0:02:54] A46: 1 d4 Nf6 2 Nf3 e6: Torre, London and Colle Systems.} Qa5 7. e4 Bg7 8. Bd3 a6 9. a4 Ng4 $146 ({Predecessor:} 9... b5 10. O-O c4 11. axb5 Qb4 12. Ra4 Qc5 13. Rxc4 Qa7 14. Ra1 O-O 15. h3 Nc5 {1-0 Moroni,L (2584)-Suarez Uriel,A (2363) Titled Tuesday intern op 12th Apr Late blitz 2022 (1)}) 10. O-O Nde5 11. Nxe5 Nxe5 12. Bh6 Bf6 13. Bg5 Bxg5 14. Qxg5 h6 15. Qg3 g5 16. Nd1 Qd2 17. Ne3 Bd7 18. Ra3 f6 19. Rc3 Nxd3 20. Rxd3 Qb4 21. Qf3 Bxa4 22. Nf5 O-O-O $2 (22... Qxb2 23. e5 $11 (23. Qh5+ $2 Kd7 $17)) (22... Bxc2 $17 {stays on course.}) 23. Nxe7+ Kb8 24. b3 $1 (24. Qxf6 Rhf8 25. Qg7 (25. Qxh6 Qxe4 26. Re3 Qxc2 $17) 25... Qxe4 $15) 24... c4 25. Rd4 Qb6 26. Qxf6 (26. Rxc4 $6 Bb5 $14) (26. Rfd1 $142 $1 Bd7 27. Rxc4 (27. bxc4 Rhf8 $16)) 26... Rhf8 $16 27. Qg7 (27. Qxh6 $2 Qxd4 28. bxa4 Qxe4 $19) 27... cxb3 28. cxb3 (28. Rxa4 $2 b2 $19) 28... Bd7 29. Rfd1 (29. Rc1 {keeps more tension.} Rde8 30. Rd2 Rf4 31. e5) 29... Qxb3 30. h3 (30. Qxh6 $6 Bg4 31. Rf1 Qb2 $15) 30... Rfe8 (30... Qc2 $14 31. f3 (31. Qxh6 $2 Qxf2+ 32. Kh2 Qf4+ 33. Kh1 Bxh3 $19) 31... Qc3) 31. Qxh6 $18 Bxh3 32. R4d3 (32. Qxg5 Rd7) (32. gxh3 Rxe7 33. R4d3 (33. Qxg5 $2 Qxh3 34. R4d3 Qh7 $19) 33... Qb6 $15) 32... Qa4 33. Nc6+ $1 (33. Qxg5 Qxe4 34. Re3 (34. Nc6+ bxc6 35. Rxh3 Rg8 $11) 34... Qc2 $11 (34... Qg4 35. Qxg4 Bxg4 36. Rd4 $14)) (33. gxh3 Rxe7 34. Qxg5 (34. Rd4 Qd7 $15) 34... Qxe4 $11) 33... bxc6 34. Qxh3 Rxe4 $2 {[%emt 0:01:08] [#]} (34... g4 35. Rb3+ (35. Qxg4 Rxe4 36. Rb1+ Ka8 $18) 35... Ka8) 35. dxc6 $2 (35. Rb1+ $1 $18 {and the rest is easy.} Ka8 36. Ra3) 35... Qxc6 $16 36. Qg3 (36. Qf5 $16) 36... Ka8 37. Rc3 ({Of course not} 37. Rxd6 Rxd6 38. Qxd6 Qxd6 39. Rxd6 Kb7 $11) 37... Qb7 38. Rb3 (38. Rxd6 $2 {is the wrong capture.} Re1+ 39. Kh2 Rh8+ $19 (39... Qh7+ $2 40. Qh3 $19) (39... Qh7+ $2 40. Qh3 $19)) 38... Qc6 39. Qxg5 Rde8 40. Rbb1 R4e5 41. Qg7 Rh5 $2 {[%emt 0:09:03][%mdl 8192] [#]} (41... Rb8 $16) 42. Rbc1 $2 (42. Rxd6 $1 $18 Rg5 43. Rxc6 Rxg7 44. Rxa6+ Ra7 45. Rxa7+ Kxa7 46. g3) 42... Qb7 $14 43. Rc7 (43. Qxb7+ {simplifies} Kxb7 44. g4 Rg8 45. f3) 43... Reh8 $1 44. Qxh8+ (44. Rxb7 $2 Rh1#) 44... Rxh8 45. Rxb7 Kxb7 46. Rxd6 a5 47. g4 Rg8 48. f3 a4 49. Rd3 Ra8 50. Ra3 Kb6 51. Kf2 Kc5 52. g5 Kb4 53. Ra1 a3 54. f4 a2 55. Kf3 (55. g6 {feels hotter.} Kc5 56. g7 Kd6 57. Kf3) 55... Kc5 $1 56. Kg4 (56. Ke4 $5 Kd6 $8 57. Kd4 $11) 56... Kd6 57. Kh5 Ke7 58. Kh6 Ra3 59. Kg7 Ra5 60. g6 Ke6 61. f5+ Kxf5 62. Kh7 Kf6 63. g7 Rh5+ 64. Kg8 Rg5 65. Rf1+ Rf5 66. Ra1 Rg5 1/2-1/2

[Event "Serbian League Women 2024"]
[Site "Bajina Basta"]
[Date "2024.10.02"]
[Round "6.2"]
[White "Brunello, Marina"]
[Black "Toncheva, Nadya"]
[Result "0-1"]
[ECO "B38"]
[WhiteElo "2348"]
[BlackElo "2301"]
[Annotator "TA"]
[PlyCount "114"]
[EventDate "2024.09.26"]
[EventType "team-tourn"]
[EventCountry "SRB"]
[SourceTitle "playchess.com"]
[Source "ChessBase"]
[SourceQuality "1"]
[TimeControl "40/5400+30:1800+30"]

1. e4 c5 2. Nf3 Nc6 3. d4 cxd4 4. Nxd4 g6 5. c4 Bg7 6. Be3 Nf6 7. Nc3 O-O 8. Be2 d6 9. O-O Bd7 10. Nc2 Rc8 11. Rc1 Be6 12. f4 a6 13. Na3 {[%emt 0:08:47] White is slightly better.} Qa5 (13... Nxe4 {seems wilder.} 14. Nxe4 Bxb2 15. Qb3 Bxc1 16. Rxc1 b5) 14. Qd2 Nd7 (14... Nxe4 $5 15. Nxe4 Qxd2 16. Bxd2 (16. Nxd2 Bxb2 17. Nab1 b5 $11) 16... Bxb2 $11) 15. Kh1 f5 16. exf5 Bxf5 17. Nab1 Nc5 18. Qd5+ Be6 (18... e6 $142 19. Qd2 e5) 19. Qg5 ({White should play} 19. Qd1 $11) 19... Bf6 20. Qg3 Kh8 21. Rcd1 Qb4 22. Nd5 (22. b3 $11) 22... Bxd5 (22... Qxb2 $17 23. Bg4 Bxg4 (23... Qxa2 24. Bxe6 Nxe6 25. Qh3 $15) 24. Qxg4 Qxa2) 23. cxd5 $11 Nd4 24. Bg4 Nf5 25. Bxf5 gxf5 26. b3 Rg8 ({Black should try} 26... Qa5 $17 27. Nd2 Qxa2) 27. Qh3 Rg4 28. Nd2 Ne4 $2 {[%emt 0:05:14][%mdl 8192] [#]} (28... Rcg8 $11 29. Nf3 Ne4) 29. Nxe4 $2 (29. a3 $1 $18 Ng3+ 30. hxg3) 29... Qxe4 30. Qf3 Qxf3 31. gxf3 Rgg8 $36 {[%emt 0:00:57][%mdl 2048] White is under pressure.} 32. Rc1 Rgd8 33. Bb6 Re8 34. Bc7 (34. Rg1 $11 {remains equal.}) 34... Bd4 $17 35. Rfe1 Kg7 36. Rc4 Kf7 37. Rec1 (37. Rxd4 $15 Rxc7 38. Rd3) 37... Be3 $19 38. R1c3 Ba7 {[%emt 0:02:50] [#] Strongly threatening ...Rg8.} 39. a4 $2 (39. Rc2) 39... Rg8 40. Rc1 {[%emt 0:00:05] Wards off Rg1+} Be3 (40... Rg7 $142 41. Rf1 Rcg8) 41. Re1 b5 42. Rc6 Bxf4 43. a5 h5 44. Bb6 Rxc6 45. dxc6 {[%emt 0:00:00][%mdl 4096] Endgame. KRB-KRB} e5 (45... Rc8 46. c7 $19) 46. Re2 Ke6 (46... d5 $142 {Hoping for ...d4.} 47. c7 d4) 47. Rc2 (47. h4 $142) 47... h4 {[%emt 0:00:00] aiming for ...h3.} (47... Rc8 48. c7 $17) 48. h3 e4 ({Don't do} 48... Rc8 49. Kg2 $17) 49. Bf2 $2 (49. fxe4 fxe4 50. c7) 49... Bg3 $2 (49... exf3 $19 50. Ba7 Ke5) 50. Bxg3 $17 hxg3 (50... Rxg3 $2 {too greedy.} 51. c7 Rxh3+ 52. Kg2 Rg3+ 53. Kf2 $18 (53. Kh2 Rg8 $18)) 51. fxe4 fxe4 {[%emt 0:00:00] KR-KR} 52. Kg2 d5 53. h4 $2 (53. c7 $17 Rc8 54. Kxg3) 53... d4 $19 54. c7 d3 55. c8=Q+ Rxc8 56. Rxc8 d2 57. Rd8 e3 {[%emt 0:00:04] What a bad dream for White.   Weighted Error Value: White=0.73/Black=0.39.  Loses game:     	White=1     	Black=1      Missed win:     	White=1     	Black=1      Mistake:       	White=7     	Black=5      Inaccurate:     	White=4     	Black=5      OK:         	White=12    	Black=18     Best:        	White=5     	Black=2} 0-1

[Event "Serbian League Women 2024"]
[Site "Bajina Basta"]
[Date "2024.10.02"]
[Round "6.3"]
[White "Grozdanovic, Anastasia"]
[Black "Mehmed, Elif"]
[Result "1/2-1/2"]
[ECO "A50"]
[WhiteElo "2041"]
[BlackElo "2228"]
[Annotator "RC"]
[PlyCount "118"]
[EventDate "2024.09.26"]
[EventType "team-tourn"]
[EventCountry "SRB"]
[SourceTitle "playchess.com"]
[Source "ChessBase"]
[SourceQuality "1"]
[TimeControl "40/5400+30:1800+30"]

1. d4 Nf6 2. c4 b6 3. Nc3 Bb7 4. Bf4 g6 5. Qc2 Bg7 6. e4 d6 7. Nf3 O-O 8. h3 Nbd7 9. Be3 e5 10. d5 a5 11. Be2 Nc5 12. Nd2 Ne8 13. g4 c6 14. h4 Nc7 15. g5 Qd7 16. h5 a4 17. Bxc5 dxc5 18. Nxa4 Ra6 19. Nc3 f6 20. hxg6 hxg6 21. Qd3 fxg5 22. Qg3 Rf4 23. Qxg5 Qf7 24. Qg2 Ra8 25. Nf3 Bf6 26. O-O-O cxd5 27. cxd5 Ba6 28. Rh6 Bxe2 29. Rxg6+ Kf8 30. Nxe2 Rxf3 31. d6 Ne6 32. Rg1 Ng5 33. Rxg5 Bxg5+ 34. Qxg5 Rf6 35. Rh1 Qg7 36. Qxe5 Re8 37. Qd5 Rxf2 38. d7 Rd8 39. Qd6+ Kf7 40. e5 Qg5+ 41. Kd1 Rxe2 42. Rf1+ Kg7 43. Kxe2 Qg4+ 44. Ke3 Qg3+ 45. Kd2 Qg2+ 46. Ke1 Qe4+ 47. Kd1 Qa4+ 48. b3 Qxd7 49. Qxd7+ Rxd7+ 50. Kc2 Rd5 51. Re1 Kf7 52. Kc3 b5 53. e6+ Ke7 54. a3 Rh5 55. Re3 Rg5 56. a4 bxa4 57. bxa4 Rg4 58. Re5 Rxa4 59. Rxc5 Kxe6 1/2-1/2

[Event "Serbian League Women 2024"]
[Site "Bajina Basta"]
[Date "2024.10.02"]
[Round "6.4"]
[White "Manakova, Maria"]
[Black "Mihajlovic, Milena"]
[Result "1/2-1/2"]
[ECO "C15"]
[WhiteElo "2185"]
[BlackElo "2065"]
[Annotator "TA"]
[PlyCount "53"]
[EventDate "2024.09.26"]
[EventType "team-tourn"]
[EventCountry "SRB"]
[SourceTitle "playchess.com"]
[Source "ChessBase"]
[SourceQuality "1"]
[TimeControl "40/5400+30:1800+30"]

1. e4 e6 2. d4 d5 3. Nc3 Bb4 4. Nge2 c5 5. a3 Bxc3+ 6. Nxc3 dxe4 7. Nxe4 (7. dxc5 $6 Qxd1+ 8. Kxd1 Nf6 $14) 7... cxd4 8. Qg4 {[%emt 0:04:42] White has an edge.} Qa5+ (8... Kf8 $1 $11) 9. Bd2 $16 {[%emt 0:03:18][%mdl 1024] White has strong compensation.} Qe5 10. O-O-O Nc6 11. f4 ({Better is} 11. Bb5 $1 $16 {[%cal Od2b4] Threatens to win with Bb4!} Nge7 12. Bb4) 11... Nh6 (11... Qxe4 $2 12. Qxg7 Bd7 13. Bd3 $18 (13. Qxh8 O-O-O $18)) 12. Qf3 (12. fxe5 Nxg4 13. c3 dxc3 14. Bxc3 O-O $17 (14... Ncxe5 $2 15. h3 $18)) (12. Qg3 $16 Qxe4 13. Qxg7) 12... Qd5 {[%emt 0:00:24] [#]} (12... Qc7 $14) 13. Bc4 $1 Qd8 14. g4 {[%emt 0:14:41][%cal Of4f5] Prevents Nf5. Hoping for f5! White has more active pieces. The black rooks are passive.} O-O 15. Ng5 {[%emt 0:00:29] And now Qd3 would win.} Kh8 16. Qd3 f5 17. Rhg1 (17. Nxe6 Bxe6 18. Bxe6 Nxg4 $17) (17. gxf5 $16 Nxf5 18. Rde1 (18. Nxe6 Bxe6 19. Bxe6 Qf6 $14) (18. Bxe6 Qf6 $16)) 17... e5 $1 $14 {[%emt 0:03:25] [#]} 18. fxe5 (18. Nxh7 $1 $16 e4 (18... Kxh7 19. g5 $14) 19. Qg3 Kxh7 20. g5) 18... Nxe5 $15 19. Qe2 Nxc4 20. Qxc4 fxg4 {[%emt 0:01:43] aiming for ...Bf5.} 21. Rgf1 (21. Ne6 $15 Bxe6 22. Qxe6) 21... Bf5 $17 {[%emt 0:01:15] Strongly threatening ...Rc8.} 22. Ne6 Rc8 23. Rxf5 $2 (23. Nxd8 $17 {was the only defense.} Rxc4 24. c3 Rxd8 25. Bxh6) 23... Nxf5 (23... Rxf5 $142 24. Qb4 Qd5 25. Nxg7 Kxg7) 24. Qb5 {[%emt 0:01:56] Inhibits Qd7.} (24. Qd3 Qd5 25. Nxf8 Rxf8 26. Rf1) 24... Qb6 $2 (24... Qe8 25. Qb3 Rf6) 25. Qxb6 $19 {[%emt 0:00:31] Black is clearly better.} axb6 26. Nxf8 Rxf8 27. Bf4 {[%emt 0:01:37] Quite a comeback for Black.   Weighted Error Value: White=0.83/Black=0.59.  Loses game:     	White=1     	---        Mistake:       	White=6     	Black=4      Inaccurate:     	White=1     	Black=1      OK:         	White=7     	Black=6      Best:        	White=1     	Black=4      Strong:       	---       	Black=1      Brilliant:      	White=1     	---} 1/2-1/2

[Event "Serbian League Women 2024"]
[Site "Bajina Basta"]
[Date "2024.10.02"]
[Round "6.5"]
[White "Unuk, Laura"]
[Black "Badelka, Olga"]
[Result "1/2-1/2"]
[ECO "D00"]
[WhiteElo "2316"]
[BlackElo "2430"]
[Annotator "TA"]
[PlyCount "28"]
[EventDate "2024.09.26"]
[EventType "team-tourn"]
[EventCountry "SRB"]
[SourceTitle "playchess.com"]
[Source "ChessBase"]
[SourceQuality "1"]
[TimeControl "40/5400+30:1800+30"]

1. d4 d5 2. Bf4 Nf6 3. Nc3 c5 4. e4 Nxe4 5. Nxe4 dxe4 6. dxc5 Qa5+ 7. c3 Qxc5 8. Qa4+ Nc6 9. Qxe4 Bf5 10. Qa4 e5 11. Be3 Qa5 12. Qxa5 Nxa5 13. O-O-O Be7 14. f4 exf4 {[%emt 0:00:07] A rather calm draw.   Weighted Error Value: White=0.01 (flawless) /Black=0.04 (flawless) .  OK:         	White=5     	Black=5      Best:        	White=1     	---} 1/2-1/2

[Event "Serbian League Women 2024"]
[Site "Bajina Basta"]
[Date "2024.10.02"]
[Round "6.6"]
[White "Zimina, Olga"]
[Black "Lach, Aleksandra"]
[Result "1-0"]
[ECO "A96"]
[WhiteElo "2302"]
[BlackElo "2278"]
[Annotator "TA"]
[PlyCount "79"]
[EventDate "2024.09.26"]
[EventType "team-tourn"]
[EventCountry "SRB"]
[SourceTitle "playchess.com"]
[Source "ChessBase"]
[SourceQuality "1"]
[TimeControl "40/5400+30:1800+30"]

1. d4 e6 2. g3 f5 3. Bg2 Nf6 4. c4 Be7 5. Nf3 d6 6. O-O O-O 7. Nc3 a5 8. Qc2 Nc6 9. a3 e5 10. dxe5 dxe5 11. Rd1 Qe8 12. Nd5 Bd8 13. Be3 e4 14. Nd4 {[%emt 0:01:29] The position is equal.} Nxd4 15. Bxd4 Qf7 16. Rac1 c6 17. Nb6 Bxb6 18. Bxb6 a4 {[%emt 0:00:14][%cal Of5f4] Black is weak on the dark squares} 19. Qc3 Be6 20. Bd4 Qh5 21. Bxf6 Rxf6 22. e3 Rh6 23. h4 Rf6 24. Rd6 h6 25. Rcd1 (25. Qb4 $16) 25... Kh7 (25... Bd5 $1 $11 {remains equal.} 26. R1xd5 (26. Rxf6 Qxd1+ 27. Kh2 gxf6 $11) 26... cxd5 27. Rxf6 gxf6) 26. R1d2 Qf7 27. Bf1 Re8 28. Be2 Qg6 29. Kh2 Rff8 30. Qb4 Qf7 31. Qxa4 {[%emt 0:00:25] White is more active.} (31. Kg1 $16) 31... g5 $14 32. Qd1 (32. hxg5 {simplifies} hxg5 33. Qc2 Kg8 34. Kg1) 32... f4 $2 {[%emt 0:00:32] This move loses the game for Black.} (32... Qf6 $14) 33. Bg4 fxg3+ 34. fxg3 {[%emt 0:00:05] And now Bxe6 would win.} gxh4 $2 {[%emt 0:00:44] [#]} (34... Kg8 35. a4 c5 36. hxg5 Qg6 37. Bxe6+ Rxe6 38. Rxe6 Qxe6) 35. Bxe6 $1 $18 (35. gxh4 Qf6 36. Rxe6 Rxe6 37. Bxe6 Qxe6 $16) 35... hxg3+ 36. Kg2 Qg6 37. Qg4 (37. Bd7 $142 Qf7 38. Bxe8 Qf3+ 39. Qxf3 exf3+ 40. Kxg3 Rxe8 41. Kxf3 (41. Rd7+ Kg6 $18) (41. Kf2 Kg7 $18)) 37... Rxe6 38. Qxe6 Qh5 39. Qxe4+ Kh8 40. Kg1 {[%emt 0:00:34] Weighted Error Value: White=0.33/Black=0.64.  Mistake:       	White=2     	Black=3      Inaccurate:     	White=2     	Black=5      OK:         	White=9     	Black=5      Best:        	---       	Black=1      Strong:       	White=1     	---} (40. Kxg3 $2 {is the wrong capture.} Rg8+ 41. Kf2 Qh2+ 42. Kf3 Qh1+ (42... Rg3+ 43. Kf4 $16) 43. Kf4 Qh4+ 44. Ke5 (44. Kf3 $2 Rg3+ 45. Ke2 Qxe4 $19) 44... Re8+ 45. Kd4 Qxe4+ $19 (45... Rxe4+ $2 46. Kc5 $19)) 1-0

[Event "Serbian League Women 2024"]
[Site "Bajina Basta"]
[Date "2024.10.02"]
[Round "6.7"]
[White "Bojicic, Andjela"]
[Black "Vujovic, Vera"]
[Result "1-0"]
[ECO "D13"]
[WhiteElo "2071"]
[BlackElo "2175"]
[Annotator "TA"]
[PlyCount "79"]
[EventDate "2024.09.26"]
[EventType "team-tourn"]
[EventCountry "SRB"]
[SourceTitle "playchess.com"]
[Source "ChessBase"]
[SourceQuality "1"]
[TimeControl "40/5400+30:1800+30"]

1. d4 d5 2. c4 c6 3. cxd5 cxd5 4. Nc3 Nf6 5. Bf4 Nc6 6. e3 e6 7. Bd3 Bd6 8. Nf3 Bxf4 9. exf4 O-O 10. O-O g6 11. a3 Bd7 12. b4 Rc8 {[%emt 0:01:04][%cal Oc6b4] Die Stellung ist ausgeglichen.} 13. Rc1 Ne8 14. h4 Nd6 {[%emt 0:04:17] [#]} 15. h5 $1 Be8 (15... Qf6 16. Ne2) 16. g3 a6 (16... f6 $11) 17. Kg2 (17. hxg6 {vereinfacht} fxg6 18. b5 axb5 19. Nxb5 Nxb5 20. Bxb5 Qe7 21. a4) 17... Qf6 18. hxg6 hxg6 ({Vorzuziehen ist} 18... fxg6 19. Ne2 h6) 19. Ne5 (19. Rh1 $142 $1) 19... Nxd4 (19... Qg7 $142) 20. Rh1 $1 $16 N4f5 $2 {[%emt 0:01:17][%mdl 8192] [#] Verliert die Partie.} (20... Qe7 $16) 21. Bxf5 $1 $18 Qxf5 $2 (21... exf5 22. Qd4 (22. Nxd5 Qe6 $18) (22. Qxd5 Kg7 $11) 22... Nb5 23. Nxb5 (23. Qxd5 $2 Nxc3 24. Qxb7 Bc6+ 25. Nxc6 Rxc6 $19) (23. Nxd5 Qe6 $16) 23... Rxc1 24. Rxc1 axb5) 22. Ng4 {[%emt 0:00:17][%cal Be5g4,Bg4h6,Bh6f5,Bf5e3][%mdl 32] Weiß steht klar auf Gewinn.} Kg7 {[%emt 0:00:31] [#]} 23. Qd4+ $1 e5 24. fxe5 {[%emt 0:02:10][%cal Og4f6] Nf6! wäre nun fies.} (24. Qxd5 $2 Bc6 $19 (24... exf4 25. Qd4+ f6 26. f3 $17) (24... exf4 25. Qd4+ f6 26. f3 $15)) 24... Rc4 25. Qe3 (25. exd6+ $2 {ist das falsche Schlagen.} Rxd4 26. Nh6 Qf6 $19) (25. Qxd5 $2 {zu gefräßig.} Bc6 26. Nf6 Qxe5 $19 (26... Bxd5+ 27. Ncxd5 g5 28. Rxc4 $11) (26... Bxd5+ 27. Ncxd5 Rh8 28. Rxh8 $11)) 25... g5 26. Nh6 {[%emt 0:00:11] Ein dynamisches Springerpaar.} Qe6 27. exd6 Qxe3 28. Nf5+ Kg6 29. Nxe3 Rc6 30. Ncxd5 {[%emt 0:01:51] Und Ne7+ würde nun gewinnen.} Rxc1 31. Rxc1 Bc6 32. f3 Ba4 33. Nb6 Bc6 34. Rd1 Kf6 35. Ned5+ Ke6 36. Nc7+ Kf6 37. d7 Rd8 38. Kf2 Ke7 39. Re1+ Kd6 40. Ne8+ {[%emt 0:00:07] Gewichteter Fehlerwert: Weiß=0.09 (makellos) /Schwarz=0.68.  Verlustzug:     	---       	Schwarz=1     Fehler:       	Weiß=1     	Schwarz=4     Ungenau:       	Weiß=1     	Schwarz=1     OK:         	Weiß=2     	Schwarz=5     Bester:       	Weiß=1     	---        Stark:        	Weiß=2     	---} 1-0

[Event "Serbian League Women 2024"]
[Site "Bajina Basta"]
[Date "2024.10.02"]
[Round "6.8"]
[White "Dizdarevic, Barbara"]
[Black "Maksimovic, Masa"]
[Result "0-1"]
[ECO "B70"]
[WhiteElo "1966"]
[BlackElo "2093"]
[Annotator "NA RC"]
[PlyCount "112"]
[EventDate "2024.09.26"]
[EventType "team-tourn"]
[EventCountry "SRB"]
[SourceTitle "playchess.com"]
[Source "ChessBase"]
[SourceQuality "1"]
[TimeControl "40/5400+30:1800+30"]

1. e4 c5 2. Nf3 Nc6 3. d4 cxd4 4. Nxd4 Nf6 5. Nc3 d6 6. Bg5 g6 7. Qd2 Bg7 8. Nb3 h6 9. Bh4 g5 10. Bg3 Nh5 $14 11. O-O-O Bd7 12. Be2 Nxg3 13. hxg3 Rc8 14. f4 g4 15. Nd5 a5 16. a4 O-O 17. Rh4 Nb4 18. Nxb4 axb4 19. Bxg4 Ra8 20. Bxd7 Qxd7 21. Qxb4 Rxa4 22. Qb6 Qe6 23. f5 Qe5 24. c3 Qxg3 25. Rdh1 Ra2 26. R4h3 Qe5 27. Qe3 Rc8 28. Rg3 Kf8 29. Rd1 Ra4 30. Rg4 Rac4 31. Kb1 Qb5 32. Kc2 Rxc3+ 33. bxc3 Rxc3+ 34. Qxc3 Bxc3 35. Rd3 Bf6 36. Rgg3 Qc4+ 37. Kd2 Qxe4 38. Rgf3 b5 39. Kc2 b4 40. Nd2 Qc6+ 41. Kb3 Qb5 42. Ne4 Be5 43. f6 d5 44. fxe7+ Kxe7 45. Nd2 f6 46. Rh3 Kf7 47. Rdf3 Bc3 48. Rd3 Qa5 49. Nb1 Be5 50. Rxh6 Qa1 51. Rh7+ Ke6 52. Rh1 Qb2+ 53. Ka4 Qa2+ 54. Na3 bxa3 55. Rxa3 Qc4+ 56. Ka5 Bc7# 0-1

[Event "Serbian League Women 2024"]
[Site "Bajina Basta"]
[Date "2024.10.02"]
[Round "6.9"]
[White "Maltsevskaya, Aleksandra"]
[Black "Aydin, Gulenay"]
[Result "1/2-1/2"]
[ECO "D02"]
[WhiteElo "2404"]
[BlackElo "2202"]
[Annotator "TA"]
[PlyCount "101"]
[EventDate "2024.09.26"]
[EventType "team-tourn"]
[EventCountry "SRB"]
[SourceTitle "playchess.com"]
[Source "ChessBase"]
[SourceQuality "1"]
[TimeControl "40/5400+30:1800+30"]

1. d4 d5 2. Nf3 Nf6 3. Bf4 c5 4. e3 Nc6 5. Nbd2 Qb6 6. dxc5 Qxb2 7. Rb1 Qc3 8. Bb5 e6 9. O-O Be7 10. Nb3 O-O 11. Qd3 Ne4 12. Bxc6 bxc6 13. Ne5 Bf6 14. f3 Bxe5 15. fxe4 a5 16. Bxe5 (16. Nd4 {simplifies} Bxd4 17. exd4 Qxd3 18. cxd3 Ba6 19. Rf3) 16... Qxe5 17. Qd4 Qh5 (17... Qc7 $11) 18. Qc3 Ba6 19. Rfe1 a4 20. Nd4 Rac8 (20... dxe4 21. Nxc6 Qg5 22. Rb6 $16) 21. Rb6 Bb5 22. e5 f6 23. Nxb5 cxb5 24. Rxe6 Qf5 25. Re7 fxe5 26. h3 $1 {[%emt 0:00:05] Active counter play!} Qf2+ 27. Kh2 d4 28. exd4 exd4 29. Qb4 Rc6 (29... d3 $1 $11 {remains equal.} 30. Qxb5 (30. cxd3 Rxc5 31. R1e5 Rxe5 $11) 30... d2 (30... dxc2 31. Qc4+ Kh8 32. R7e3 $14) (30... Qf4+ 31. Kh1 $16) 31. Qc4+ Kh8) 30. Qxb5 $16 Rg6 {[%emt 0:00:22][%csl Gg6][%cal Rf2g2] [#]} 31. Qc4+ (31. Qxa4 $2 Qxg2#) 31... Kh8 32. Qd5 {[%emt 0:00:06] c6 would now be deadly. Really sharp!} (32. Qxa4 $2 Qxg2#) 32... h6 33. Re8 (33. Qe4 $16 Qg3+ 34. Kh1) 33... Qg3+ ({Black should try} 33... Kh7 $1 $11) 34. Kh1 $14 Kh7 $1 35. c6 {[%emt 0:02:57] Threatens to win with c7.} Qf2 36. R8e2 $1 ({Much worse is} 36. c7 Rxe8 37. Rxe8 Qf1+ 38. Kh2 Qf4+ 39. Kg1 Qc1+ 40. Kh2 Qf4+ 41. Kg1 Qc1+ 42. Kh2 Qf4+ $11) 36... Qf4 37. Re6 (37. Rd1 $14 {should be considered.}) 37... Rxe6 (37... Rf5 $1 $11 38. Qe4 Qxe4 39. R6xe4 (39. R1xe4 Rxe6 40. Rxe6 a3 $11) 39... Rf2) 38. Qxe6 $11 {[%emt 0:00:00][%mdl 4096] Endgame. KQR-KQR} (38. Rxe6 Rf5 39. Qe4 Qxe4 40. Rxe4 Rf6 $14) 38... Rf6 39. Qc4 (39. Qd5 $16) 39... Qg3 (39... Qd2 $1 $11 {keeps the balance.} 40. Re4 Rg6) 40. Re8 $16 {[%emt 0:01:24][%cal Oc6c7] c7! is the strong threat.} d3 41. Qe4+ (41. Qxa4 $2 Rf1#) 41... Qg6 42. cxd3 Rxc6 {[%emt 0:00:33] [#]} 43. Qe2 $2 (43. Qxg6+ $1 $18 Kxg6 44. Ra8) 43... Qg3 {[%emt 0:12:17] ( -> ...Rc1+). The position is equal.} 44. Rf8 Qg6 45. Rf3 (45. Qf3 {with more complications.} Rc1+ 46. Kh2 Rc2 47. Rd8) 45... Rc1+ 46. Rf1 Rc3 47. Rd1 Qc6 48. Qg4 Rc2 49. d4 Qd5 50. Rd3 h5 51. Qf3 {[%emt 0:01:35] Weighted Error Value: White=0.15 (very precise) /Black=0.15 (very precise) .  Missed win:     	White=1     	---        Mistake:       	White=3     	Black=5      Inaccurate:     	White=2     	Black=3      OK:         	White=20    	Black=17     Best:        	White=3     	Black=6      Strong:       	White=2     	Black=1} 1/2-1/2

[Event "Serbian League Women 2024"]
[Site "Bajina Basta"]
[Date "2024.10.02"]
[Round "6.10"]
[White "Yildiz, Elif Zeren"]
[Black "Drljevic, Ljilja"]
[Result "0-1"]
[ECO "B07"]
[WhiteElo "1934"]
[BlackElo "2102"]
[Annotator "NA RC"]
[PlyCount "86"]
[EventDate "2024.09.26"]
[EventType "team-tourn"]
[EventCountry "SRB"]
[SourceTitle "playchess.com"]
[Source "ChessBase"]
[SourceQuality "1"]
[TimeControl "40/5400+30:1800+30"]

1. e4 d6 2. d4 Nf6 3. Nc3 e6 4. Be3 a6 5. a4 b6 6. f3 Bb7 7. Nge2 Nbd7 $11 8. g4 h6 9. Nf4 g5 10. Nfe2 c5 11. Ng3 Qc7 12. Qe2 Be7 13. Rd1 Nf8 14. Nh5 O-O-O 15. Qf2 Ng6 16. Be2 Nxh5 17. gxh5 Nf4 18. Bxf4 gxf4 19. d5 Bf6 20. Bc4 Qe7 21. Qe2 Bd4 22. h4 Rhg8 23. Bxa6 Rg1+ 24. Rxg1 Qxh4+ 25. Kf1 Bxg1 26. Qg2 Be3 27. Bxb7+ Kxb7 28. Ke2 c4 29. Rh1 Rg8 30. Qh2 Qg5 31. Kd1 Qe5 32. Qe2 exd5 33. exd5 Qd4+ 34. Ke1 Re8 35. Kf1 Re5 36. Kg2 Rg5+ 37. Kf1 Qg7 38. Qxc4 Rg1+ 39. Rxg1 Qxg1+ 40. Ke2 Qf2+ 41. Kd3 Qd2+ 42. Ke4 Qxc2+ 43. Qd3 f5+ 0-1

[Event "Serbian League Women 2024"]
[Site "Bajina Basta"]
[Date "2024.10.02"]
[Round "6.11"]
[White "Radenkovic, Mila"]
[Black "Vujcic, Milena"]
[Result "1/2-1/2"]
[ECO "C47"]
[WhiteElo "1910"]
[BlackElo "2076"]
[Annotator "NA RC"]
[PlyCount "83"]
[EventDate "2024.09.26"]
[EventType "team-tourn"]
[EventCountry "SRB"]
[SourceTitle "playchess.com"]
[Source "ChessBase"]
[SourceQuality "1"]
[TimeControl "40/5400+30:1800+30"]

1. e4 e5 2. Nf3 Nc6 3. Nc3 Nf6 4. d4 exd4 5. Nxd4 Bb4 6. Nxc6 bxc6 7. Bd3 d5 8. exd5 O-O 9. O-O cxd5 10. h3 c6 11. Qf3 Re8 12. Bf4 Nd7 13. Rfe1 Nc5 $11 14. Rxe8+ Qxe8 15. a3 Nxd3 16. Qxd3 Bf8 17. b4 Be6 18. Re1 Qd7 19. Ne2 a5 20. Rb1 axb4 21. axb4 Bf5 22. Qc3 Rc8 23. Be3 Bd6 24. Bc5 Bb8 25. Re1 Re8 26. Nd4 Rxe1+ 27. Qxe1 Be6 28. Qe2 Qc7 29. g3 Qc8 30. h4 h6 31. c3 Bd7 32. Kg2 Qe8 33. Qxe8+ Bxe8 34. Kf3 Bd7 35. Ke3 g6 36. Ne2 f6 37. f4 Kf7 38. Nd4 h5 39. Kf3 Bc7 40. Nb3 Bd8 41. Be3 Bg4+ 42. Kf2 1/2-1/2